 Dungeon Sprint DCSS version 0.26-a0-1060-g086102a3f0 (webtiles) character file.

Game seed: 789701076297822482

636 mhtbhm the Carver (level 7, 71/71 HPs)
             Began as a Grey Draconian Berserker on Dec 13, 2020.
             Was a High Priest of Trog.
             Quit the game in the Dungeon (Sprint IX: "|||||||||||||||||||||||||||||").
             The game lasted 00:00:57 (412 turns).

mhtbhm the Carver (Grey Draconian Berserker)         Turns: 412, Time: 00:00:58

Health: 71/71      AC: 12    Str: 21    XL:     7   Next: 25%
Magic:  7/7        EV: 17    Int: 11    God:    Trog [*****.]
Gold:   0          SH:  0    Dex: 10    Spells: 6/6 levels left

rFire    . . .     SeeInvis .   a - +2 scimitar (vorpal)
rCold    . . .     Faith    .   (no shield)
rNeg     . . .     Spirit   .   (armour unavailable)
rPois    .         Reflect  .   (helmet restricted)
rElec    .         Harm     .   (no cloak)
rCorr    .         Rampage  .   k - +0 pair of gloves
Will     .....     NoTele   +   (no boots)
Stlth    ++........             (no amulet)
HPRegen  0.21/turn              l - +3 ring of intelligence
MPRegen  0.10/turn              m - +2 ring of evasion

@: no status effects
A: walk through water, unfitting armour, unbreathing, cold-blooded, AC +11
a: Berserk, Trog's Hand, Brothers in Arms, Renounce Religion


You were in the Dungeon.
You worshipped Trog.
Trog was extremely pleased with you.
You visited 1 branch

Inventory:

Hand Weapons
 a - a +2 vorpal scimitar (weapon)
Armour
 k - a +0 pair of gloves (worn)
Jewellery
 l - a +3 ring of intelligence (left hand)
 m - a +2 ring of evasion (right hand)
Wands
 j - a wand of acid (10)
Scrolls
 g - 2 scrolls of blinking
 i - 3 scrolls of remove curse
Potions
 b - 5 potions of curing
 c - 3 potions of heal wounds
 d - a potion of haste
 e - 4 potions of magic
 f - a potion of berserk rage
 h - a potion of invisibility


   Skills:
 + Level 9.8 Fighting
 + Level 10.8 Long Blades
 + Level 7.8 Dodging
 + Level 2.0 Stealth


You had 6 spell levels left.
You didn't know any spells.
Your spell library was empty.

Dungeon Overview and Level Annotations

Branches:
Dungeon (1/1)

Altars:
Cheibriados
Dithmenos
Elyvilon
Fedhas
Gozag
Hepliaklqana
Kikubaaqudgha
Makhleb
Nemelex Xobeh
Okawaru
Qazlal
Ru
Sif Muna
Trog
Uskayaw
Vehumet
Wu Jian
Xom
Yredelemnul
Zin
The Shining One
Beogh
Jiyva
Lugonu


Innate Abilities, Weirdness & Mutations

You can walk through water.
Your dull iron-grey scales are very hard. (AC +11)
You cannot fit into any form of body armour.
You can survive without breathing.
You are cold-blooded and may be slowed by cold attacks.


Message History

You can walk through water.
You feel breathless. The sky beast misses you.
You slice the sky beast!!
You kill the sky beast!
Trog accepts your kill.
Trog will now gift you melee weapons as you gain piety.
Your Stealth skill increases to level 2!
You see here a sky beast corpse.
You feel a strong urge to attack something.
You are no longer berserk.
You are exhausted.
You feel yourself slow down.
You see here a sky beast corpse.
You start waiting.
You feel yourself speed up.
You start waiting.
You recover from your berserk rage.
Okay, then.
Are you sure you want to abandon this character and quit the game? (Confirm with "yes".) ▓▓▓▓▓▓▓▓▓▓▓▓▓▓▓▓▓▓▓▓▓▓ ____'.?))[.[..'.@....+ ▓▓▓▓▓▓▓▓▓▓▓▓▓▓▓▓▓▓▓▓▓▓

There were no monsters in sight!

Vanquished Creatures
  A troll (D)
  A wyvern (D)
  An ice beast (D)
  A sky beast (D)
  A hound (D)
  A jelly (D)
  An adder (D)
  A leopard gecko (D)
  An orc (D)
  A bat zombie (D)
  A goblin (D)
  3 hobgoblins (D)
  A jackal (D)
  A quokka (D)
16 creatures vanquished.

Notes
Turn   | Place    | Note
-------+----------+-------------------------------------------
     0 | D        | mhtbhm the Draconian Berserker began the quest for the Orb.
     0 | D        | Reached XP level 1. HP: 19/19 MP: 1/1
    12 | D        | Reached ** piety under Trog
   120 | D        | Noticed an ice beast
   125 | D        | Reached XP level 2. HP: 27/27 MP: 2/2
   129 | D        | Killed an ice beast
   129 | D        | Reached *** piety under Trog
   130 | D        | Reached skill level 6 in Long Blades
   130 | D        | Reached skill level 5 in Dodging
   130 | D        | Reached XP level 3. HP: 31/38 MP: 3/3
   130 | D        | Reached XP level 4. HP: 36/45 MP: 4/4
   257 | D        | Found a roughly hewn altar of Beogh.
   257 | D        | Found a snail-covered altar of Cheibriados.
   257 | D        | Found a shadowy altar of Dithmenos.
   257 | D        | Found a white marble altar of Elyvilon.
   257 | D        | Found a blossoming altar of Fedhas.
   257 | D        | Found an opulent altar of Gozag.
   258 | D        | Found a hazy altar of Hepliaklqana.
   259 | D        | Found a viscous altar of Jiyva.
   260 | D        | Found an ancient bone altar of Kikubaaqudgha.
   261 | D        | Found a corrupted altar of Lugonu.
   262 | D        | Found a burning altar of Makhleb.
   263 | D        | Found a sparkling altar of Nemelex Xobeh.
   264 | D        | Found an iron altar of Okawaru.
   265 | D        | Found a stormy altar of Qazlal.
   266 | D        | Found a sacrificial altar of Ru.
   267 | D        | Found a shimmering blue altar of Sif Muna.
   268 | D        | Found a bloodstained altar of Trog.
   269 | D        | Found a hide-covered altar of Uskayaw.
   270 | D        | Found a radiant altar of Vehumet.
   271 | D        | Found an ornate altar of the Wu Jian Council.
   272 | D        | Found a shimmering altar of Xom.
   273 | D        | Found a basalt altar of Yredelemnul.
   274 | D        | Found a glowing silver altar of Zin.
   275 | D        | Found a glowing golden altar of the Shining One.
   314 | D        | Noticed a troll
   314 | D        | Noticed a wyvern
   314 | D        | Noticed a sky beast
   317 | D        | Reached **** piety under Trog
   320 | D        | Killed a troll
   321 | D        | Reached skill level 9 in Long Blades
   321 | D        | Reached skill level 1 in Stealth
   321 | D        | Reached XP level 5. HP: 56/56 MP: 5/5
   321 | D        | Reached XP level 6. HP: 62/62 MP: 6/6
   374 | D        | Killed a wyvern
   375 | D        | Reached skill level 10 in Long Blades
   375 | D        | Your scales start taking on a dull iron-grey colour.
   375 | D        | Reached XP level 7. HP: 70/70 MP: 7/7
   375 | D        | Gained mutation: You can survive without breathing. [Grey
                  | Draconian growth]
   376 | D        | Reached ***** piety under Trog
   412 | D        | Quit the game

Illustrated notes

Levels and vault maps discovered:
D:        linesprint [early_d, line_temple, items_1, d_10, items_2, lair_1,
          lair_end, items_3, orc_1, orc_end, items_4, d_15, swamp_1, shoals_1,
          snake_1, spider_1, d_20, vaults_1, items_5, swamp_end, shoals_end,
          snake_end, spider_end, vaults_end, d_27, items_6, zot_1, zot_end,
          crypt_end, forest_end, elf_end, slime_end, tomb_end, abyss_end,
          pan_hell_end]

Skill      XL: |  1  2  3  4  5  6  7 |
---------------+----------------------+-----
Dodging        | 3 5 7 |  7.8
Fighting       | 4 6 8 9 |  9.8
Long Blades    | 6 9 10 | 10.8
Stealth        | 1 2 |  2.0

Action                   |  1- 3 |  4- 6 |  7- 9 || total
-------------------------+-------+-------+-------++-------
Melee: Falchion          |    22 |     6 |       ||    28
       Tailslap          |     2 |     4 |       ||     6
       Scimitar          |       |    11 |     1 ||    12
Invok: Berserk           |     1 |     2 |       ||     3
Armor: Skin              |     3 |     1 |       ||     4
Dodge: Dodged            |    13 |    10 |     1 ||    24
       Rpst.: Falchion   |     4 |     1 |       ||     5

Table legend: (Time is in decaauts)
 A = Elapsed time spent in this place.
 B = Non-inter-level travel time spent in this place.
 C = Inter-level travel time spent in this place.
 D = Time resting spent in this place.
 E = Time spent auto-exploring this place.
 F = Levels seen in this place.
 G = Mean time per level.
                   A        B        C        D        E       F      G
               +--------+--------+--------+--------+--------+-----+--------+
         Total |    438 |    438 |      0 |    315 |      3 |   1 |  438.0 |
       Dungeon |    438 |    438 |      0 |    315 |      3 |   1 |  438.0 |
               +--------+--------+--------+--------+--------+-----+--------+

Top non-repeatable levels by time:
       D: 438 daAuts
